 Dungeon Crawl Stone Soup version 0.31.0-11-ge490571c62 (webtiles) character file.

Game seed: 3266544406653245632

791 hikkokomori the Trooper (level 8, -7/64 HPs)
             Began as a Formicid Fighter on Feb 2, 2024.
             Mangled by an ogre
             ... wielding a +0 giant club
              (24 damage)
             ... on level 5 of the Dungeon.
             The game lasted 00:10:40 (4473 turns).

hikkokomori the Trooper (Formicid Fighter)          Turns: 4473, Time: 00:10:41

Health: -7/64      AC:  9    Str: 22    XL:     8   Next: 12%
Magic:  26/26      EV: 11    Int: 13    God:
Gold:   65         SH:  5    Dex: 13    Spells: 3/7 levels left

rFire   . . .        u - +0 great mace
rCold   . . .        w - +0 buckler {rN+}
rNeg    + . .        y - +1 robe "Fiofiac" {MP+9 Int+4 Archmagi}
rPois   .            (helmet unavailable)
rElec   .            (no cloak)
rCorr   .            s - +0 pair of gloves
SInv    +            g - +0 pair of boots
Will    .....        (no amulet)
Stlth   +            e - +4 ring of protection
HPRegen 0.30/turn    p - ring of magical power
MPRegen 0.20/turn

%: archmagi
@: no status effects
A: permanent stasis, dig shafts and tunnels, antennae 3, four strong arms
a: Dig, Shaft Self


You were on level 5 of the Dungeon.
You visited 1 branch of the dungeon, and saw 5 of its levels.
You also visited: Sewer.

You collected 218 gold pieces.
You spent 153 gold pieces at shops.

Inventory:

Hand Weapons
 a - a +0 war axe
 l - a +2 heavy mace
 u - a +0 great mace (weapon)
Missiles
 c - 6 boomerangs (quivered)
 f - 3 throwing nets
 r - 6 datura-tipped darts
Armour
 b - a +0 scale mail
 g - a +0 pair of boots (worn)
 s - a +0 pair of gloves (worn)
 w - a +0 buckler of positive energy (worn)
 y - the +1 robe "Fiofiac" (worn) {MP+9 Int+4 Archmagi}
   (You bought it in a shop on level 5 of the Dungeon)

   Int+4:     It affects your intelligence (+4).
   MP+9:      It affects your magic capacity (+9).
   Archmagi:  It increases the power of your magical spells.
Jewellery
 e - a +4 ring of protection (left hand)
 p - a ring of magical power (right hand)
 x - a ring of ice
Wands
 q - a wand of acid (2)
 A - a wand of paralysis (3)
Scrolls
 i - 2 scrolls of teleportation {unknown}
 k - a scroll of enchant armour {unknown}
 m - a scroll of immolation {unknown}
 o - a scroll of enchant weapon {unknown}
 v - a scroll of fear {unknown}
 z - a scroll of identify
Potions
 d - a potion of might
 h - a potion of cancellation {unknown}
 j - 3 potions of brilliance
 n - 2 potions of heal wounds {unknown}
 t - 4 potions of curing


   Skills:
 + Level 6.0 Fighting
 - Level 4.6(4.8) Axes
 + Level 1.4(3.3) Maces & Flails
 - Level 3.0 Throwing
 - Level 3.2 Armour
 - Level 4.0 Shields
 + Level 1.1 Summonings
 + Level 1.1 Fire Magic
 + Level 3.6 Evocations


You had 3 spell levels left.
You knew the following spells:

 Your Spells              Type           Power      Damage    Failure   Level
a - Summon Blazeheart Go  Fire/Summ      4%         N/A       92%         4

Your spell library contained the following spells:

 Spells                   Type           Power      Damage    Failure   Level
 Tukima's Dance           Hex            0%         N/A       73%         3
 Dimensional Bullseye     Hex/Tloc       0%         N/A       98%         4
 Iskenderun's Mystic Bla  Conj/Tloc      0%         2d3       98%         4
 Orb of Destruction       Conj           0%         9d5       100%        7
 Spellforged Servitor     Conj/Summ      1%         N/A       100%        7


Dungeon Overview and Level Annotations

Branches:
Dungeon (5/15)              Sewer (visited)
 Temple: D:4-7

Altars:
Ashenzari
Gozag
Kikubaaqudgha
Makhleb
Nemelex Xobeh
Trog
Xom

Shops:
D:5 *


Innate Abilities, Weirdness & Mutations

You cannot be hasted, slowed, berserked, paralysed or teleported.
You can dig through walls and to a lower floor.
You have a pair of large antennae on your head. (SInv)
Your four strong arms can wield two-handed weapons with a shield.


Message History

You are too injured to fight recklessly!
You are too injured to fight recklessly!
You are too injured to fight recklessly!
You are too injured to fight recklessly!
You are too injured to fight recklessly!
You are too injured to fight recklessly!
You are too injured to fight recklessly!
You are too injured to fight recklessly!
You are too injured to fight recklessly!
You are too injured to fight recklessly!
You are too injured to fight recklessly!
You closely miss the ogre.
The ogre is severely wounded.
The ogre hits you with a +0 giant club!
* * * LOW HITPOINT WARNING * * *
The ogre misses you.
Unknown command.
You barely miss the ogre.
The ogre is severely wounded.
The ogre hits you with a +0 giant club.
* * * LOW HITPOINT WARNING * * *
Unknown command.
You barely miss the ogre.
The ogre is severely wounded.
The ogre barely misses you.
Unknown command.
You barely miss the ogre.
The ogre is severely wounded.
The ogre closely misses you.
Unknown command.
You barely miss the ogre.
The ogre is severely wounded.
The ogre barely misses you.
You barely miss the ogre.
The ogre is severely wounded.
You block the ogre's attack.
You barely miss the ogre.
The ogre is severely wounded.
The ogre hits you with a +0 giant club!!
You die...

#.# { #.# ###.#.###.#. #.#
...#.....B# #.# #########
#..#..{...# #.# ........#
#..#......# #.#
#######.####..#..... #.#
#.........#... #.#
#.#.#####.#.######## #.#
#####.#.# #...@O...... #.#
......#.##################.#
#######....................#
######################


You could see an ogre.

Vanquished Creatures
  An ogre (D:5)
  A centaur (D:5)
  2 bullfrogs (Sewer)
  A howler monkey (D:5)
  2 hounds (D:4)
  An orc priest (D:5)
  A bombardier beetle (D:5)
  2 iguanas
  4 gnolls
  10 adders
  2 river rats (D:3)
  11 dart slugs
  2 ribbon worms
  9 orcs
  11 ball pythons
  3 endoplasms
  9 giant cockroaches
  8 goblins
  12 hobgoblins
  13 kobolds
  3 quokkas (D:3)
  A bat (D:2)
  17 frilled lizards
  10 rats
136 creatures vanquished.

Notes
Turn   | Place    | Note
-------+----------+-------------------------------------------
     0 | D:1      | hikkokomori the Formicid Fighter began the quest for the
                  | Orb.
     0 | D:1      | Reached XP level 1. HP: 18/18 MP: 1/1
   162 | D:1      | Reached XP level 2. HP: 24/24 MP: 2/2
   422 | D:1      | Reached XP level 3. HP: 28/30 MP: 3/3
   730 | D:2      | Reached skill level 4 in Fighting
  1416 | D:3      | Reached XP level 4. HP: 38/38 MP: 4/4
  1483 | D:3      | Found a broken altar of Ashenzari.
  1577 | D:3      | Found an ancient bone altar of Kikubaaqudgha.
  1863 | D:3      | Found a glowing drain.
  1868 | D:3      | Reached XP level 5. HP: 40/43 MP: 5/5
  1873 | Sewer    | Entered a sewer
  1960 | Sewer    | Reached skill level 1 in Evocations
  1962 | Sewer    | Reached skill level 1 in Throwing
  2154 | Sewer    | Noticed a bullfrog
  2154 | Sewer    | Noticed a bullfrog
  2161 | Sewer    | Reached XP level 6. HP: 39/50 MP: 6/6
  2162 | Sewer    | Reached skill level 5 in Fighting
  3076 | D:4      | Reached XP level 7. HP: 50/56 MP: 7/7
  3299 | D:4      | Found a burning altar of Makhleb.
  3320 | D:4      | Found an opulent altar of Gozag.
  3669 | D:4      | Found a bloodstained altar of Trog.
  3815 | D:5      | Entered Level 5 of the Dungeon
  3896 | D:5      | Found Keiv's Assorted Antiques.
  4070 | D:5      | Bought a faintly glowing robe for 153 gold pieces
  4070 | D:5      | Identified the +1 robe "Fiofiac" {MP+9 Int+4 Archmagi} (You
                  | bought it in a shop on level 5 of the Dungeon)
  4085 | D:5      | Learned a level 4 spell: Summon Blazeheart Golem
  4164 | D:5      | Found a sparkling altar of Nemelex Xobeh.
  4244 | D:5      | Reached skill level 1 in Maces & Flails
  4286 | D:5      | Found a shimmering altar of Xom.
  4299 | D:5      | Reached XP level 8. HP: 63/64 MP: 8/8
  4437 | D:5      | Reached skill level 6 in Fighting
  4437 | D:5      | Reached skill level 1 in Summonings
  4437 | D:5      | Reached skill level 1 in Fire Magic
  4473 | D:5      | Mangled by an ogre

Illustrated notes

Levels and vault maps discovered:
D:1:      wander_arrival_chamber, layout_basic
D:2:      layout_rooms, dk_noncrumbling_2
D:3:      kennysheep_six_static_rooms, layout_loops_ring, lemuel_crystal_altar,
          old_standard_altar, portal_sewer_entry_e, dk_vineyard_3
D:4:      layout_basic, mainiacjoe_overflow_boulevard,
          mainiacjoe_overflow_alcove_1, trog_hazing_becter,
          hangedman_abyss_or_decor_stabs
D:5:      layout_basic, xom_teletrap_fun, old_standard_altar, serial_shops,
          shop, kennysheep_generic_room_10

Skill      XL: |  1  2  3  4  5  6  7  8 |
---------------+-------------------------+-----
Fighting       | 4 5 6 |  6.0
Axes           | 3 4 |  4.6
Evocations     | 1 2 3 |  3.6
Throwing       | 1 2 3 |  3.0
Maces & Flails | 1 |  1.4
Summonings     | 1 |  1.1
Fire Magic     | 1 |  1.1
Armour         | |  3.2
Shields        | |  4.0

Action                     |  1- 3 |  4- 6 |  7- 9 || total
---------------------------+-------+-------+-------++-------
  Melee: War axe           |    78 |   185 |       ||   263
         Mace              |       |     5 |       ||     5
         Great mace        |       |     1 |   115 ||   116
Ability: Dig               |       |     1 |       ||     1
    Use: Scroll            |     1 |     4 |       ||     5
 Armour: Scale mail        |    53 |   179 |    84 ||   316
         Robe              |       |       |    17 ||    17
  Dodge: Dodged            |    44 |   146 |    67 ||   257
  Block: Buckler           |    18 |    84 |    36 ||   138
